 Dungeon Crawl Stone Soup version 0.27-a0-203-gd48b2df3c9 (webtiles) character file.

Game seed: 677238454638646004

122 wakim the Ruffian (level 4, -6/39 HPs)
             Began as a Draconian Transmuter on Jan 30, 2021.
             Killed by nerve-wracking pain
             ... invoked by an orc priest
              (10 damage)
             ... on level 3 of the Dungeon.
             The game lasted 00:06:43 (2351 turns).

wakim the Ruffian (Draconian Transmuter)            Turns: 2351, Time: 00:06:44

Health: -6/39      AC:  5    Str: 13    XL:     4   Next: 78%
Magic:  5/7        EV: 12    Int: 14    God:
Gold:   145        SH:  0    Dex: 11    Spells: 4/7 levels left

rFire    . . .     SeeInvis .     - Unarmed
rCold    . . .     Faith    .   (no shield)
rNeg     . . .     Spirit   .   (armour unavailable)
rPois    .         Reflect  .   (helmet currently unavailable)
rElec    .         Harm     .   (no cloak)
rCorr    +         Rampage  .   (no gloves)
Will     .....                  (boots currently unavailable)
Stlth    +.........             (no amulet)
HPRegen  0.13/turn              d - ring of resist corrosion
MPRegen  0.10/turn              h - ring of flight

@: lethally poisoned (-6 -> -8), appendages (expiring), wereblooded
A: unfitting armour, horns 2, talons 2, cold-blooded, AC +5
a: End Transformation, Evoke Flight


You were on level 3 of the Dungeon.
You had grown temporary horns.
You had grown temporary talons.
You visited 1 branch of the dungeon, and saw 3 of its levels.

You collected 145 gold pieces.

Inventory:

Jewellery
 d - a ring of resist corrosion (left hand)
 g - an uncursed ring of fire
 h - a ring of flight (right hand)
Scrolls
 b - 4 scrolls of identify
 c - a scroll of amnesia
 q - a scroll of remove curse
Potions
 e - a potion of brilliance
 f - 2 potions of lignification {unknown}
 l - a potion of curing {unknown}
 m - a potion of flight {unknown}
 n - a potion of invisibility {unknown}
 o - a potion of heal wounds {unknown}
 p - a potion of resistance {unknown}


   Skills:
 + Level 3.6 Fighting
 - Level 1.7 Dodging
 * Level 4.4 Unarmed Combat
 - Level 2.0 Spellcasting
 + Level 2.0 Transmutations


You had 4 spell levels left.
You knew the following spells:

 Your Spells              Type           Power        Failure   Level
a - Beastly Appendage     Tmut           14%          11%         1
b - Wereblood             Tmut           7%           16%         2

Your spell library contained the following spells:

 Spells                   Type           Power        Failure   Level
 Magic Dart               Conj           4%           24%         1
 Blink                    Tloc           N/A          34%         2
 Call Imp                 Summ           1%           34%         2
 Slow                     Hex            1%           34%         2
 Spider Form              Tmut/Pois      2%           43%         3
 Conjure Flame            Conj/Fire      1%           56%         3
 Mephitic Cloud           Conj/Pois/Air  1%           56%         3
 Ice Form                 Ice/Tmut       4%           83%         4
 Blade Hands              Tmut           3%           96%         5


Dungeon Overview and Level Annotations

Branches:
Dungeon (3/15)

Altars:
Ashenzari
Fedhas
Uskayaw
Wu Jian
Yredelemnul


Innate Abilities, Weirdness & Mutations

Your plain brown scales are hard. (AC +5)
You cannot fit into any form of body armour.
You are cold-blooded and may be slowed by cold attacks.
You have a pair of horns on your head.
You have razor-sharp toenails.


Message History

You are too injured to fight recklessly!
You are too injured to fight recklessly!
You are too injured to fight recklessly!
You are too injured to fight recklessly!
You are too injured to fight recklessly!
You are too injured to fight recklessly!
You hit the orc.
The orc is severely wounded.
The orc priest closely misses you. The orc closely misses you.
The adder bites you but does no damage. The orc hits you but does no damage. x2
You barely miss the orc. You headbutt the orc.
You kill the orc!
You feel sick. The adder misses you.
The orc priest hits you but does no damage.
The orc hits you with a +0 hand axe.
* * * LOW HITPOINT WARNING * * *
The orc barely misses you.
The orc priest invokes the aid of Beogh against you.
Pain shoots through your body!
You die...

....# ##'#'####### ..(.#
#.#.# ########## ....#
#.#.# #........# ....#
#.#.# #........#
....####.#.# #........#
.........#.###...r....##.
.....###.#.##....o.......
.....#...#.##....S)O.....
.........#.##...@oo......
...#.#####.##...###......
...'.......##...# ......
...#........+...# .....
....##.....##...# .....
...........#....# ....
.(..##.#........# ....
+##.............#
.##........>...##


You could see an ogre, an orc priest, an adder, 2 orcs and a rat.

Vanquished Creatures
  A gnoll (D:1)
  4 adders (D:2)
  A dart slug (D:1)
  A leopard gecko (D:3)
  2 orcs (D:3)
  5 giant cockroaches
  6 goblins
  10 hobgoblins
  4 jackals
  13 kobolds
  2 ball pythons
  7 bats
  6 frilled lizards
  2 gnoll zombies (D:2)
  6 rats
70 creatures vanquished.

Notes
Turn   | Place    | Note
-------+----------+-------------------------------------------
     0 | D:1      | wakim the Draconian Transmuter began the quest for the Orb.
     0 | D:1      | Reached XP level 1. HP: 16/16 MP: 3/3
    69 | D:1      | Reached XP level 2. HP: 24/24 MP: 5/5
   322 | D:1      | Reached XP level 3. HP: 28/30 MP: 4/6
   642 | D:1      | Learned a level 2 spell: Wereblood
   698 | D:1      | You fall into a shaft and drop 1 floor!
   763 | D:2      | Found an ornate altar of the Wu Jian Council.
  1168 | D:2      | Reached skill level 4 in Unarmed Combat
  1189 | D:2      | Reached XP level 4. HP: 38/38 MP: 7/7
  1489 | D:2      | Found a faded altar of an unknown god.
  1489 | D:2      | Found a broken altar of Ashenzari.
  1495 | D:2      | Found a faded altar of an unknown god.
  1497 | D:2      | Found a hide-covered altar of Uskayaw.
  1498 | D:2      | Found a blossoming altar of Fedhas.
  1713 | D:2      | Found a basalt altar of Yredelemnul.
  2340 | D:3      | Noticed an ogre
  2351 | D:3      | Killed from afar by an orc priest

Illustrated notes

Levels and vault maps discovered:
D:1:      nzn_arrival_crosshair, layout_basic, minmay_pentomino_w4
D:2:      minmay_inner_zag, layout_basic, lemuel_zombie_altar_yredelemnul,
          lemuel_coloured_pillars_altar, chequers_temple_overflow_minitemple
D:3:      lemuel_upstairs_altar, layout_basic, portal_sewer_entry_a

Skill      XL: |  1  2  3 |
---------------+----------+-----
Fighting       | 2 3 |  3.6
Unarmed Combat | 4 |  4.4
Dodging        | |  1.7
Spellcasting   | |  2.0
Transmutations | |  2.0

Action                   |  1- 3 |  4- 6 || total
-------------------------+-------+-------++-------
Melee: Unarmed           |   130 |    97 ||   227
       Kick              |    15 |     8 ||    23
       Headbutt          |    12 |     4 ||    16
       Punch             |     2 |       ||     2
       Tailslap          |     5 |     8 ||    13
 Cast: Beastly Appendage |    18 |     9 ||    27
       Wereblood         |     3 |     4 ||     7
  Use: Scroll            |       |     7 ||     7
 Stab: Sleeping          |       |     2 ||     2
       Distracted        |       |     1 ||     1
Armor: Skin              |    39 |    34 ||    73
Dodge: Dodged            |    93 |    66 ||   159

Table legend: (Time is in decaauts)
 A = Elapsed time spent in this place.
 B = Non-inter-level travel time spent in this place.
 C = Inter-level travel time spent in this place.
 D = Time resting spent in this place.
 E = Time spent auto-exploring this place.
 F = Levels seen in this place.
 G = Mean time per level.
                   A        B        C        D        E       F      G
               +--------+--------+--------+--------+--------+-----+--------+
         Total |   2334 |   2202 |    132 |    385 |   1251 |   3 |  778.0 |
       Dungeon |   2334 |   2202 |    132 |    385 |   1251 |   3 |  778.0 |
               +--------+--------+--------+--------+--------+-----+--------+

Top non-repeatable levels by time:
     D:2: 1187 daAuts
     D:1: 844 daAuts
     D:3: 303 daAuts
